[Event "Titled Tuesday Blitz August 1 Early 2023"]
[White "Pranav, V"]
[Black "Aronian, Levon"]
[WhiteFideId "25060783"]
[BlackFideId "13300474"]
[WhiteElo "3016"]
[BlackElo "3082"]
[Result "1-0"]
[Round "11"]
[TimeControl "180+1"]
[Date "2023.08.01"]
[WhiteClock "0:00:06"]
[BlackClock "0:00:19"]
[Board "5"]

1. e4 c5 2. Nf3 e6 3. d4 cxd4 4. Nxd4 Nc6 5. Nc3 Qc7 6. Be2 Nf6 7. O-O a6 8. Be3 Be7 9. a4 O-O 10. f4 d6 11. Kh1 Nxd4 12. Qxd4 Bd7 13. e5 Ne8 14. Bf3 Bc6 15. Bxc6 Qxc6 16. Rfd1 Rc8 17. a5 dxe5 18. fxe5 f5 19. Qb6 f4 20. Qxc6 Rxc6 21. Bb6 Bb4 22. Ne4 Rxc2 23. Ng5 Rf5 24. Nxe6 Rxe5 25. Nxf4 Nf6 26. h3 Re4 27. Nd5 Rxb2 28. Bd4 Rd2 29. Rxd2 Bxd2 30. Bxf6 Bxa5 31. Rxa5 Re1+ 32. Kh2 gxf6 33. Rc5 b5 34. Nb4 Ra1 35. Rc7 a5 36. Nd5 b4 37. Nxf6+ Kf8 38. Nxh7+ Ke8 39. Rb7 Kd8 40. Nf6 Kc8 41. Rb5 Kc7 42. Ne4 Kc6 43. Rc5+ Kb6 44. Rc8 Re1 45. Nd2 Rd1 46. Nb3 Rb1 47. Nd4 Rd1 48. Nb3 Rb1 49. Nd2 Rd1 50. Nc4+ Kb5 51. Nb2 Rd2 52. Rb8+ Kc6 53. Nc4 Ra2 54. Nxa5+ Rxa5 55. Rxb4 Kd6 56. Re4 Ra3 57. g3 Ra2+ 58. Kg1 Kd5 59. Re3 Kd4 60. Rf3 Ke4 61. Rf2 Ra3 62. Kg2 Ke5 63. h4 Ra1 64. Kh3 Ra4 65. h5 Ke6 66. g4 Ra1 67. Kh4 Ra5 68. h6 Ra1 69. Kh5 Ke7 70. h7 1-0


[Site "https://www.chess.com"]

[Event "Titled Tuesday Blitz August 1 Early 2023"]
[White "Baskakov, Egor"]
[Black "Firouzja, Alireza"]
[WhiteFideId "24197866"]
[BlackFideId "12573981"]
[WhiteElo "2941"]
[BlackElo "3077"]
[Result "0-1"]
[Round "11"]
[TimeControl "180+1"]
[Date "2023.08.01"]
[WhiteClock "0:00:00"]
[BlackClock "0:00:36"]
[Board "6"]

1. e4 c5 2. Nf3 d6 3. d4 cxd4 4. Nxd4 Nf6 5. Nc3 a6 6. a4 e5 7. Nde2 Be7 8. g3 h5 9. h3 Nc6 10. Bg2 Be6 11. Nd5 h4 12. g4 Nd7 13. O-O Rc8 14. Be3 Bg5 15. f4 exf4 16. Nexf4 Nce5 17. b3 O-O 18. c4 Bxd5 19. exd5 Re8 20. Bd4 a5 21. Nd3 Nxd3 22. Qxd3 Bf6 23. Rxf6 Nxf6 24. Rf1 Nd7 25. Qf5 Ne5 26. Bxe5 Rxe5 27. Qxf7+ Kh8 28. Be4 Qe7 29. Qxe7 Rxe7 30. Bg6 Kg8 31. Rf5 b6 32. Kg2 Rcc7 33. Kf3 Re1 34. g5 Rf1+ 35. Kg4 Rxf5 36. Bxf5 Re7 37. Be6+ Kh7 38. Kxh4 g6 39. Kg4 Kg7 40. Kf4 Re8 41. Ke3 Rf8 42. Bd7 Rf1 43. Ke4 Rb1 44. Kf4 Rxb3 45. h4 Rc3 46. Bb5 Rc1 47. Kg4 Rf1 48. Bd7 Rg1+ 49. Kf4 b5 50. Bxb5 Kf7 51. Bd7 Ke7 52. Bb5 Kd8 53. Bc6 Rc1 54. Bb5 Kc7 55. Kg4 Re1 56. Kf4 Kb6 57. Bd7 Kc5 58. Bb5 Kd4 59. Kg4 Ke3 60. c5 dxc5 61. d6 Rg1+ 62. Kh3 Kf4 63. d7 Rd1 64. Kg2 c4 65. Kf2 c3 66. Be2 Rxd7 67. h5 c2 0-1


[Site "https://www.chess.com"]

[Event "Titled Tuesday Blitz August 1 Early 2023"]
[White "Kazakouski, Valery"]
[Black "Pranesh M"]
[WhiteFideId "13507443"]
[BlackFideId "35028600"]
[WhiteElo "2871"]
[BlackElo "3065"]
[Result "1-0"]
[Round "11"]
[TimeControl "180+1"]
[Date "2023.08.01"]
[WhiteClock "0:01:05"]
[BlackClock "0:01:00"]
[Board "7"]

1. Nf3 Nf6 2. c4 e6 3. g3 d5 4. b3 b6 5. Bg2 Bb7 6. O-O Nbd7 7. Bb2 Be7 8. Nc3 O-O 9. e3 c5 10. Qe2 Rc8 11. Rad1 Qc7 12. Ne1 dxc4 13. bxc4 Rfd8 14. g4 Ne5 15. g5 Ne8 16. Nb5 Qd7 17. Bxb7 Qxb7 18. Bxe5 Bxg5 19. f4 Bf6 20. Nf3 Qa6 21. d3 Qa5 22. Qb2 a6 23. Nc3 Bxe5 24. fxe5 b5 25. cxb5 axb5 26. Ne4 Ra8 27. Nfg5 Rd7 28. Nxc5 Rc7 29. d4 h6 30. Nge4 Qxa2 31. Qxa2 Rxa2 32. Rb1 Rca7 33. Rxb5 Ra8 34. Rb7 Re2 35. Rbxf7 Nf6 36. Rxg7+ Kxg7 37. exf6+ Kg6 38. f7 Rf8 39. Rf6+ Kh7 40. Nxe6 Ra8 41. f8=Q Rxf8 42. Nxf8+ Kg7 43. Rf3 Ra2 44. Ne6+ Kh8 45. d5 Ra4 46. d6 Ra1+ 47. Kg2 Rd1 48. Nd4 Ra1 49. d7 Ra8 50. Ne6 h5 51. d8=Q+ Rxd8 52. Nxd8 h4 53. Rf7 h3+ 54. Kxh3 Kg8 55. Nf6+ 1-0


[Site "https://www.chess.com"]

[Event "Titled Tuesday Blitz August 1 Early 2023"]
[White "Zhigalko, Sergei"]
[Black "Tristan, Leonardo"]
[WhiteFideId "13502956"]
[BlackFideId "113816"]
[WhiteElo "2906"]
[BlackElo "2813"]
[Result "0-1"]
[Round "11"]
[TimeControl "180+1"]
[Date "2023.08.01"]
[WhiteClock "0:00:00"]
[BlackClock "0:00:14"]
[Board "8"]

1. e4 d5 2. exd5 Qxd5 3. Nc3 Qa5 4. d4 Nf6 5. Nf3 Bf5 6. Ne5 c6 7. Bd3 Bxd3 8. Qxd3 Nbd7 9. Nxd7 Nxd7 10. O-O e6 11. Qg3 h5 12. Bg5 Qf5 13. Rfe1 h4 14. Bxh4 f6 15. Qc7 Rxh4 16. Qxb7 Rd8 17. Qxc6 Kf7 18. Ne4 Nb6 19. g3 Rh8 20. h4 Qd5 21. Qc7+ Rd7 22. Qf4 Qf5 23. Qb8 g5 24. Nc5 Bg7 25. Nxd7 Rxb8 26. Nxb8 gxh4 27. c3 hxg3 28. fxg3 Qf3 29. Na6 Qxg3+ 30. Kf1 Nd5 31. Ke2 Nf4+ 32. Kd2 Qd3+ 33. Kc1 Qxa6 34. Re2 Nxe2+ 0-1


[Site "https://www.chess.com"]

[Event "Titled Tuesday Blitz August 1 Early 2023"]
[White "Harshavardhan G B"]
[Black "Sarana, Alexey"]
[WhiteFideId "25059009"]
[BlackFideId "24133795"]
[WhiteElo "2876"]
[BlackElo "3087"]
[Result "0-1"]
[Round "11"]
[TimeControl "180+1"]
[Date "2023.08.01"]
[WhiteClock "0:00:38"]
[BlackClock "0:00:32"]
[Board "9"]

1. d4 Nf6 2. c4 e6 3. Nc3 d5 4. cxd5 exd5 5. Bg5 c6 6. e3 Be7 7. Bd3 Bg4 8. Qb3 Qb6 9. Nge2 Qxb3 10. axb3 Nbd7 11. h3 Bh5 12. Nf4 Bg6 13. Nxg6 hxg6 14. O-O-O Nh5 15. Bxe7 Kxe7 16. e4 Nf4 17. exd5 cxd5 18. Rhe1+ Kd6 19. Bf1 a6 20. h4 Ne6 21. g3 Rac8 22. Kb1 Nf6 23. Bg2 Rh5 24. Re2 Rch8 25. Bh3 Nc7 26. Rde1 g5 27. Re7 Rf8 28. Na4 g4 29. Bf1 Ne4 30. Re5 Rxe5 31. dxe5+ Kxe5 32. Nc5 Rc8 33. Nxb7 Nb5 34. Na5 f5 35. Bg2 Nd4 36. Re3 Kd6 37. f3 gxf3 38. Bxf3 Nxf3 39. Rxf3 Nd2+ 0-1


[Site "https://www.chess.com"]

[Event "Titled Tuesday Blitz August 1 Early 2023"]
[White "Ter-Sahakyan, Samvel"]
[Black "Bortnyk, Olexandr"]
[WhiteFideId "13302531"]
[BlackFideId "14120828"]
[WhiteElo "2848"]
[BlackElo "3067"]
[Result "0-1"]
[Round "11"]
[TimeControl "180+1"]
[Date "2023.08.01"]
[WhiteClock "0:00:02"]
[BlackClock "0:00:05"]
[Board "10"]

1. d4 d6 2. e4 Nf6 3. Nc3 e5 4. Nf3 Nbd7 5. Rg1 c6 6. g4 exd4 7. Qxd4 d5 8. e5 Bc5 9. Qf4 Qe7 10. Be3 Bxe3 11. Qxe3 Ne4 12. Nxe4 dxe4 13. Qxe4 Nc5 14. Qe3 Be6 15. O-O-O O-O 16. Rd6 b6 17. Nd4 Nb7 18. Nf5 Qc7 19. Rd4 Rae8 20. f4 f6 21. Bd3 fxe5 22. Qxe5 Qxe5 23. fxe5 Nc5 24. Rg3 Nxd3+ 25. cxd3 Bxf5 26. gxf5 Rxf5 27. Rd7 Rf7 28. Rxf7 Kxf7 29. d4 c5 30. dxc5 bxc5 31. Ra3 Re7 32. Kd2 Ke6 33. Ra5 Rc7 34. Kc3 Kxe5 35. Kc4 Kf4 36. Kd5 g5 37. Kd6 Rb7 38. b3 h5 39. Kxc5 h4 40. Kc6 Rh7 41. Rd5 g4 42. b4 g3 43. hxg3+ hxg3 44. b5 g2 45. Rd1 Rh1 0-1


[Site "https://www.chess.com"]

[Event "Titled Tuesday Blitz August 1 Early 2023"]
[White "Makarian, Rudik"]
[Black "Bauman_Guy"]
[WhiteFideId "44105681"]
[WhiteElo "3013"]
[BlackElo "2803"]
[Result "1-0"]
[Round "11"]
[TimeControl "180+1"]
[Date "2023.08.01"]
[WhiteClock "0:00:48"]
[BlackClock "0:00:05"]
[Board "11"]

1. d4 Nf6 2. c4 e6 3. Nf3 d5 4. g3 dxc4 5. Bg2 Nc6 6. Qa4 Be7 7. O-O O-O 8. Qxc4 Rb8 9. Rd1 a6 10. Nc3 Nb4 11. Qb3 b5 12. Ne5 Bb7 13. Bxb7 Rxb7 14. a3 Nbd5 15. Bg5 Nxc3 16. bxc3 h6 17. Bxf6 Bxf6 18. Nd3 Be7 19. a4 c6 20. axb5 axb5 21. Ra6 Qd5 22. Rb1 Rfb8 23. Ne5 Rc7 24. Nxc6 Qxb3 25. Rxb3 Rbc8 26. Na7 Ra8 27. Nxb5 Rxa6 28. Nxc7 Rc6 29. Nb5 h5 30. Kg2 h4 31. e3 Kh7 32. Na3 Ra6 33. Nc4 f6 34. g4 Ra2 35. h3 Kg6 36. Kf3 Rc2 37. e4 Bd8 38. Ne3 Rc1 39. Ng2 f5 40. Nf4+ Kf6 41. g5+ Kf7 42. g6+ Kf6 43. e5+ 1-0


[Site "https://www.chess.com"]

[Event "Titled Tuesday Blitz August 1 Early 2023"]
[White "Pichot, Alan"]
[Black "Bok, Benjamin"]
[WhiteFideId "110973"]
[BlackFideId "1017063"]
[WhiteElo "2841"]
[BlackElo "2955"]
[Result "0-1"]
[Round "11"]
[TimeControl "180+1"]
[Date "2023.08.01"]
[WhiteClock "0:01:33"]
[BlackClock "0:00:35"]
[Board "12"]

1. g3 d5 2. Bg2 c6 3. d3 Nf6 4. Nd2 e5 5. e4 dxe4 6. dxe4 Bc5 7. Ngf3 Qe7 8. O-O O-O 9. a3 a5 10. Qe2 Rd8 11. Nc4 Nbd7 12. Bg5 h6 13. Bxf6 Qxf6 14. Rad1 Re8 15. Bh3 Qe7 16. Bxd7 Bxd7 17. Ncxe5 Bh3 18. Rfe1 Rad8 19. Nd3 Ba7 20. e5 Bg4 21. Qe4 Qe6 22. Nf4 Qf5 23. Qxf5 Bxf5 24. c3 Rxd1 25. Rxd1 Be4 26. Nd4 Rxe5 27. Re1 f6 28. Nfe6 Bd5 0-1


[Site "https://www.chess.com"]

[Event "Titled Tuesday Blitz August 1 Early 2023"]
[White "Shimanov, Aleksandr"]
[Black "Remizov, Yaroslav"]
[WhiteFideId "4198603"]
[BlackFideId "34134015"]
[WhiteElo "2954"]
[BlackElo "2801"]
[Result "1-0"]
[Round "11"]
[TimeControl "180+1"]
[Date "2023.08.01"]
[WhiteClock "0:00:06"]
[BlackClock "0:00:00"]
[Board "13"]

1. b3 e5 2. Bb2 Nc6 3. c4 g6 4. Nf3 Bg7 5. e3 Nge7 6. d4 exd4 7. Nxd4 Nxd4 8. Bxd4 O-O 9. Bxg7 Kxg7 10. Nc3 b6 11. Qd4+ Kg8 12. Ne4 Nf5 13. Qc3 f6 14. Be2 Bb7 15. Bf3 Rb8 16. h4 Qe7 17. Nd2 Bxf3 18. Nxf3 Nd6 19. h5 Ne4 20. Qc2 Qb4+ 21. Kf1 Qc3 22. Qxc3 Nxc3 23. Rh4 Rfe8 24. Nd2 d5 25. cxd5 Nxd5 26. Rd4 Rbd8 27. Nf3 c5 28. Rc4 a5 29. g4 Kf7 30. Kg2 Nb4 31. hxg6+ hxg6 32. g5 f5 33. Rh1 Rh8 34. Ne5+ Kg7 35. Rxh8 Rxh8 36. a3 Nd5 37. Rc2 Re8 38. Nc4 b5 39. Nxa5 Rxe3 40. Rxc5 Nf4+ 41. Kf1 Rh3 42. Rc7+ Kf8 43. Ke1 Ne6 44. Rb7 Nxg5 45. Rxb5 Ne4 46. Rb7 Rh2 47. f4 Ra2 48. a4 g5 49. fxg5 f4 50. Rb4 1-0


[Site "https://www.chess.com"]

[Event "Titled Tuesday Blitz August 1 Early 2023"]
[White "Demidov, Mikhail"]
[Black "Idani, Pouya"]
[WhiteFideId "4197143"]
[BlackFideId "12510130"]
[WhiteElo "2932"]
[BlackElo "2774"]
[Result "1-0"]
[Round "11"]
[TimeControl "180+1"]
[Date "2023.08.01"]
[WhiteClock "0:00:11"]
[BlackClock "0:00:04"]
[Board "14"]

1. Nf3 d5 2. d4 Nf6 3. Bf4 c5 4. dxc5 e6 5. e3 Bxc5 6. Be2 O-O 7. O-O Nc6 8. c4 dxc4 9. Bxc4 a6 10. Nc3 b5 11. Bd3 Bb7 12. Rc1 Be7 13. Qe2 Qb6 14. Rfd1 Rad8 15. h3 Nb4 16. Bb1 Rxd1+ 17. Qxd1 Rd8 18. Qe2 h6 19. a3 Nc6 20. Qc2 Na5 21. Ne5 Nc4 22. Nxc4 bxc4 23. Be5 Qc5 24. Bxf6 Bxf6 25. Qh7+ Kf8 26. Be4 Bxc3 27. bxc3 Qxa3 28. Rb1 Bxe4 29. Qxe4 Qxc3 30. Qh7 g6 31. Qxh6+ Kg8 32. Qh4 Qd3 33. Rb7 c3 34. Qf6 Rf8 35. Rc7 Qd1+ 36. Kh2 Qd6+ 37. Qf4 e5 38. Qc4 e4+ 39. g3 Qd2 40. Kg2 a5 41. Qxe4 Qb2 42. Qc4 Qb4 43. Qxc3 Qxc3 44. Rxc3 Ra8 45. Ra3 a4 46. Kf3 Kg7 47. Ke4 Kf6 48. Kd4 Rh8 49. h4 Ra8 50. Kc4 Kf5 51. f3 g5 52. g4+ Kf6 53. h5 Kg7 54. Kb4 f5 55. gxf5 Kh6 56. Rxa4 Re8 57. e4 Kxh5 58. Kc5 g4 59. fxg4+ Kxg4 60. Kd6 Kg5 61. Kd5 Kf4 62. f6 Kg5 63. f7 Rf8 64. Ke6 Kg6 65. Ra7 Kg7 66. e5 Kg6 67. Ra1 1-0


[Site "https://www.chess.com"]

[Event "Titled Tuesday Blitz August 1 Early 2023"]
[White "Kramnik, Vladimir"]
[Black "Cherniaiev, Tykhon"]
[WhiteFideId "4101588"]
[BlackFideId "14182360"]
[WhiteElo "2969"]
[BlackElo "2775"]
[Result "1-0"]
[Round "11"]
[TimeControl "180+1"]
[Date "2023.08.01"]
[WhiteClock "0:00:32"]
[BlackClock "0:00:00"]
[Board "15"]

1. e4 e5 2. Nf3 Nc6 3. Bb5 Nge7 4. Nc3 a6 5. Bc4 Ng6 6. h4 Be7 7. h5 Nf4 8. d4 d6 9. Bxf4 exf4 10. Qd2 Na5 11. Bd3 c5 12. dxc5 dxc5 13. Nd5 Nc6 14. O-O-O Be6 15. Qxf4 Bd6 16. Qe3 Qa5 17. a3 O-O-O 18. Bc4 Rhe8 19. Kb1 b5 20. Ba2 Kb7 21. h6 gxh6 22. Rxh6 Ne5 23. Nxe5 Bxe5 24. Qxc5 Rc8 25. Qb4 Qd8 26. a4 Bd6 27. Qd2 Bf8 28. Rxh7 bxa4 29. Nc3 Qxd2 30. Rxd2 Bxa2+ 31. Kxa2 Rc7 32. Nd5 Rd7 33. Rd4 Bc5 34. Rxa4 Re6 35. f3 Rc6 36. Rc4 Bf8 37. Rxc6 Kxc6 38. b4 Bd6 39. Kb3 Rb7 40. c3 Be5 41. f4 Bd6 42. g4 a5 43. g5 axb4 44. cxb4 Kb5 45. g6 Rb8 46. g7 Rg8 47. Nf6 Rc8 48. Rh8 Rc4 49. g8=Q Rxb4+ 50. Kc2 1-0


[Site "https://www.chess.com"]

[Event "Titled Tuesday Blitz August 1 Early 2023"]
[White "Kobo, Ori"]
[Black "Harsh Suresh"]
[WhiteFideId "2812320"]
[BlackFideId "45018464"]
[WhiteElo "2760"]
[BlackElo "2894"]
[Result "0-1"]
[Round "11"]
[TimeControl "180+1"]
[Date "2023.08.01"]
[WhiteClock "0:00:01"]
[BlackClock "0:00:03"]
[Board "16"]

1. c4 g6 2. g3 Bg7 3. Bg2 Nf6 4. Nc3 O-O 5. d4 d6 6. Nf3 Nc6 7. O-O e5 8. h3 Re8 9. d5 Nb8 10. e4 a5 11. Ne1 Na6 12. Nd3 Nd7 13. Be3 b6 14. a3 Nac5 15. Qc2 Nxd3 16. Qxd3 Nc5 17. Qc2 f5 18. b4 Nxe4 19. Nxe4 fxe4 20. Kh2 Qd7 21. c5 bxc5 22. bxc5 Qf7 23. Rfd1 Rb8 24. Rac1 Bf5 25. Qc3 a4 26. Rb1 Rxb1 27. Rxb1 Qxd5 28. Bf1 Kh8 29. cxd6 cxd6 30. Qc7 Rc8 31. Rb8 Rxb8 32. Qxb8+ Qg8 33. Qxd6 Qf8 34. Qc7 Qxa3 35. Bc5 Qb3 36. g4 Be6 37. Bd6 Qb2 38. Kg1 Bg8 39. Qa7 Qd4 40. Bc5 Qd1 41. Qa8 Qd5 42. Qa7 h6 43. Be7 Qd4 44. Bc5 Qd1 45. Qa8 Kh7 46. Qxe4 Qd5 47. Qb4 Qb3 48. Qa5 Bc4 49. Bxc4 Qxc4 50. Qa7 Qc1+ 51. Kg2 Qf4 52. Qa8 Qc4 53. Qa7 Qd5+ 54. Kg1 Qd1+ 55. Kg2 Qd5+ 56. Kg1 e4 57. Bf8 Qd4 58. Qb7 e3 59. Bxg7 exf2+ 60. Kf1 Qxg7 61. Qa6 Qd4 62. Qb7+ Kg8 63. Qc8+ Kf7 64. Qb7+ Kf6 65. Qc6+ Kg5 66. Qa6 Kh4 67. Qxg6 Kg3 68. Ke2 Qb2+ 69. Ke3 Qc1+ 70. Kd4 f1=Q 71. Qd6+ Qff4+ 0-1


[Site "https://www.chess.com"]

[Event "Titled Tuesday Blitz August 1 Early 2023"]
[White "Dau Khuong Duy"]
[Black "Vakhlamov, Igor L."]
[WhiteFideId "12424722"]
[BlackFideId "24126748"]
[WhiteElo "2882"]
[BlackElo "2742"]
[Result "1-0"]
[Round "11"]
[TimeControl "180+1"]
[Date "2023.08.01"]
[WhiteClock "0:00:19"]
[BlackClock "0:00:00"]
[Board "17"]

1. e4 c5 2. Nf3 e6 3. d4 cxd4 4. Nxd4 Nf6 5. Nc3 Nc6 6. a3 d5 7. exd5 exd5 8. Be2 Be7 9. O-O O-O 10. Re1 h6 11. Bf1 Bc5 12. Be3 Bb6 13. f3 Bd7 14. Qd2 Rc8 15. Rad1 Re8 16. Bf2 Rxe1 17. Rxe1 Na5 18. b3 Qc7 19. Nce2 Nc6 20. Rc1 Qd6 21. a4 Ba5 22. c3 a6 23. b4 Bb6 24. a5 Ba7 25. Re1 Qf8 26. Nf4 Bb8 27. Nd3 Bd6 28. Nxc6 Bxc6 29. Bd4 Nd7 30. Qe3 Nb8 31. g3 Re8 32. Qf2 Nd7 33. Bg2 Re7 34. f4 Qe8 35. h3 Rxe1+ 36. Qxe1 Qxe1+ 37. Nxe1 Kf8 38. Nc2 f6 39. Ne3 g5 40. Nxd5 Kf7 41. Kf2 Ke6 42. c4 gxf4 43. gxf4 Kf5 44. Bc3 Bxd5 45. Bxd5 b6 46. Bc6 Nb8 47. Bb7 bxa5 48. bxa5 Bxf4 49. Kf3 Be5 50. Bc8+ Kg6 51. Bxe5 fxe5 52. Ke4 Nc6 53. Bxa6 Nxa5 54. c5 Kf6 55. Kd5 e4 56. Kxe4 Ke6 57. Bc8+ Ke7 58. Kd5 h5 59. Bf5 Nb7 60. c6 Nd6 61. c7 h4 62. Bg4 1-0


[Site "https://www.chess.com"]

[Event "Titled Tuesday Blitz August 1 Early 2023"]
[White "Shtembuliak, Evgeny"]
[Black "Brodowski, Piotr"]
[WhiteFideId "14113325"]
[BlackFideId "1124480"]
[WhiteElo "2860"]
[BlackElo "2726"]
[Result "1-0"]
[Round "11"]
[TimeControl "180+1"]
[Date "2023.08.01"]
[WhiteClock "0:00:54"]
[BlackClock "0:00:17"]
[Board "18"]

1. c4 e5 2. Nc3 Nc6 3. Nf3 g6 4. h4 h6 5. h5 g5 6. d4 exd4 7. Nxd4 d6 8. g3 Bg7 9. Nxc6 bxc6 10. Bg2 Bd7 11. Qa4 Ne7 12. Qa5 O-O 13. O-O f5 14. f4 g4 15. Be3 Rb8 16. b3 c5 17. Rad1 Nc6 18. Bxc6 Bxc6 19. Nd5 Re8 20. Kf2 Bxd5 21. Rxd5 Qe7 22. Qd2 Rbd8 23. Qd3 c6 24. Rxf5 d5 25. cxd5 cxd5 26. Rxd5 Bd4 27. Bxd4 Rxd5 28. Qg6+ Kf8 29. Qxh6+ Kg8 30. Qh8+ Kf7 31. Qg7+ Ke6 32. Qxg4+ Kd6 33. Be5+ Kc6 34. h6 Rf8 35. Bg7 Re8 36. Qf3 Kb5 37. Qxd5 Qxe2+ 38. Kg1 Re3 39. Qc4+ 1-0


[Site "https://www.chess.com"]

[Event "Titled Tuesday Blitz August 1 Early 2023"]
[White "Zhao, Jun"]
[Black "Timofeev, Artyom"]
[WhiteFideId "8602522"]
[BlackFideId "4140419"]
[WhiteElo "2737"]
[BlackElo "2851"]
[Result "1-0"]
[Round "11"]
[TimeControl "180+1"]
[Date "2023.08.01"]
[WhiteClock "0:00:04"]
[BlackClock "0:00:19"]
[Board "19"]

1. e4 d6 2. d4 Nf6 3. Nc3 g6 4. Nf3 Bg7 5. Be2 O-O 6. O-O c6 7. a4 Qc7 8. Be3 e5 9. dxe5 dxe5 10. h3 Rd8 11. Qb1 h6 12. Bc4 Nbd7 13. Rd1 Re8 14. a5 Nf8 15. Bc5 N6d7 16. Bd6 Qd8 17. b4 Qf6 18. Qb3 Ne6 19. Ne2 Bf8 20. c3 Nd4 21. cxd4 Bxd6 22. d5 c5 23. b5 Qe7 24. Nd2 Kg7 25. Bd3 Nf6 26. Nc4 Bd7 27. Ng3 h5 28. Nf1 h4 29. Nfe3 Nh5 30. Be2 Nf4 31. Bg4 Rad8 32. Bxd7 Rxd7 33. Rd2 Qg5 34. Kh2 Kh7 35. b6 a6 36. Qa4 Red8 37. Rg1 Be7 38. Qd1 f5 39. g3 hxg3+ 40. Rxg3 Qf6 41. exf5 gxf5 42. d6 Bf8 43. Nd5 Nxd5 44. Rxd5 Bh6 45. Qh5 Rg7 46. Rxe5 Rxg3 47. fxg3 f4 48. Qf5+ Qxf5 49. Rxf5 Re8 50. gxf4 Re4 51. d7 Rd4 52. Ne5 Kg8 53. Rf6 Bg7 54. Re6 Bxe5 55. Re8+ Kf7 56. d8=Q Rxd8 57. Rxd8 Bxf4+ 58. Kg2 Bd2 59. Rxd2 1-0


[Site "https://www.chess.com"]

[Event "Titled Tuesday Blitz August 1 Early 2023"]
[White "Rustemov, Alexander"]
[Black "Materia, Marco"]
[WhiteFideId "4119002"]
[BlackFideId "45150451"]
[WhiteElo "2846"]
[BlackElo "2726"]
[Result "1/2-1/2"]
[Round "11"]
[TimeControl "180+1"]
[Date "2023.08.01"]
[WhiteClock "0:00:17"]
[BlackClock "0:01:19"]
[Board "20"]

1. d4 Nf6 2. c4 e6 3. Nf3 d5 4. Nc3 Be7 5. Bg5 O-O 6. e3 h6 7. Bxf6 Bxf6 8. Rc1 c6 9. Bd3 Nd7 10. O-O dxc4 11. Bxc4 e5 12. h3 exd4 13. exd4 Nb6 14. Bb3 Bf5 15. Re1 Qd7 16. Ne5 Bxe5 17. dxe5 Qxd1 18. Rcxd1 Rad8 19. g4 Be6 20. f4 Bxb3 21. axb3 Nd5 22. Nxd5 Rxd5 23. Rxd5 cxd5 24. Rc1 g5 25. Kf2 gxf4 26. Kf3 f5 27. Rd1 fxg4+ 28. hxg4 Rd8 29. Kxf4 Kf7 30. Kf5 d4 31. Ke4 Rg8 32. Rf1+ Ke7 33. Rf4 Rd8 34. Kd3 Rd5 35. Rf5 Rb5 36. Kc4 Rb6 37. Rh5 a5 38. Kxd4 Rxb3 39. Rxh6 Rxb2 40. Rh7+ Ke6 41. Rh6+ Ke7 42. Rh7+ Ke6 43. Rh6+ Kf7 44. e6+ Ke7 45. Kd5 Rb5+ 46. Kc4 Rg5 47. Rh7+ Kxe6 48. Rxb7 Rxg4+ 49. Kb3 Kd6 50. Ra7 a4+ 51. Rxa4 Rxa4 52. Kxa4 1/2-1/2


[Site "https://www.chess.com"]

[Event "Titled Tuesday Blitz August 1 Early 2023"]
[White "Mamedov, Edgar"]
[Black "Mitrabha, Guha"]
[WhiteFideId "13739980"]
[BlackFideId "5057000"]
[WhiteElo "2656"]
[BlackElo "2845"]
[Result "1-0"]
[Round "11"]
[TimeControl "180+1"]
[Date "2023.08.01"]
[WhiteClock "0:00:05"]
[BlackClock "0:01:07"]
[Board "21"]

1. d4 Nf6 2. c4 c5 3. d5 b5 4. cxb5 a6 5. bxa6 Bxa6 6. Nc3 g6 7. e4 Bxf1 8. Kxf1 Bg7 9. Nf3 O-O 10. g3 d6 11. Kg2 Nbd7 12. a4 Qb6 13. Nd2 Rfb8 14. Nc4 Qa6 15. Qe2 Nb6 16. Nxb6 Qxb6 17. Nb5 Nd7 18. Bg5 Kf8 19. Bd2 Kg8 20. Bc3 Qa6 21. Bxg7 Kxg7 22. b3 Rb7 23. h4 h5 24. Qc4 Nf6 25. Qc3 Kg8 26. Rhe1 Nd7 27. f4 f6 28. Qf3 Kg7 29. g4 Rh8 30. g5 Qa5 31. gxf6+ Nxf6 32. e5 Ng4 33. exd6 exd6 34. Nxd6 Rxb3 35. Re7+ Kf8 36. Re8+ Kg7 37. Re7+ Kh6 38. Nf7+ Kg7 39. Nxh8+ Kxh8 40. Qe2 Nf6 41. Re1 Qa8 42. Qe5 Qxd5+ 43. Qxd5 Nxd5 44. Rd7 Nxf4+ 45. Kh2 Rb8 46. a5 c4 47. a6 c3 48. a7 Ra8 49. Rb1 1-0


[Site "https://www.chess.com"]

[Event "Titled Tuesday Blitz August 1 Early 2023"]
[White "Przybylski, Wojciech"]
[Black "Harvey, Marcus R"]
[WhiteFideId "1117599"]
[BlackFideId "400092"]
[WhiteElo "2651"]
[BlackElo "2810"]
[Result "0-1"]
[Round "11"]
[TimeControl "180+1"]
[Date "2023.08.01"]
[WhiteClock "0:00:01"]
[BlackClock "0:01:39"]
[Board "22"]

1. d4 Nf6 2. c4 e6 3. Nf3 d5 4. Nc3 c6 5. Bg5 h6 6. Bh4 dxc4 7. e4 g5 8. Bg3 b5 9. Be2 Bb7 10. Ne5 Nbd7 11. f4 b4 12. Na4 Nxe4 13. O-O Nxg3 14. hxg3 gxf4 15. gxf4 Nxe5 16. fxe5 Qg5 17. Bxc4 c5 18. Bb5+ Kd8 19. dxc5+ Bd5 20. Rf2 Rc8 21. c6 Qxe5 22. Qd2 Bd6 23. Kf1 Rg8 24. c7+ Rxc7 25. Re1 Qh2 26. Re3 Rc1+ 27. Ke2 Qh5+ 28. Ref3 Rxg2 29. Qxc1 Qxf3+ 0-1


[Site "https://www.chess.com"]

[Event "Titled Tuesday Blitz August 1 Early 2023"]
[White "Hoang, Thi Bao Tram"]
[Black "Lamaze, Simon"]
[WhiteFideId "12401102"]
[BlackFideId "36069264"]
[WhiteElo "2653"]
[BlackElo "2797"]
[Result "1-0"]
[Round "11"]
[TimeControl "180+1"]
[Date "2023.08.01"]
[WhiteClock "0:00:13"]
[BlackClock "0:00:09"]
[Board "23"]

1. Nf3 Nf6 2. g3 d5 3. Bg2 e6 4. O-O c5 5. d4 cxd4 6. Nxd4 e5 7. Nb3 a5 8. a4 Nc6 9. Nc3 Be6 10. Nb5 Be7 11. Bg5 O-O 12. c3 Ne4 13. Bxe4 Bxg5 14. Bg2 Be7 15. Qc2 Qb6 16. Rad1 Rad8 17. Nc1 Rd7 18. e3 Rfd8 19. h3 g6 20. Ne2 Bf6 21. Rd2 h5 22. Rfd1 h4 23. g4 Bg7 24. Kh1 Qc5 25. Ng1 e4 26. Nd4 g5 27. f3 Ne5 28. fxe4 Nc4 29. Re2 dxe4 30. Bxe4 Qe5 31. Rf1 Bd5 32. Bxd5 Qxd5+ 33. e4 Qd6 34. Nf5 Qc6 35. Nf3 f6 36. b3 Nb6 37. N3d4 Qc8 38. Ne6 Qc6 39. Nxd8 Rxd8 40. Ne7+ 1-0


[Site "https://www.chess.com"]

[Event "Titled Tuesday Blitz August 1 Early 2023"]
[White "Ovchinnikov, Vsevolod"]
[Black "Kushko, Dmitriy"]
[WhiteFideId "24176842"]
[BlackFideId "14162261"]
[WhiteElo "2635"]
[BlackElo "2774"]
[Result "0-1"]
[Round "11"]
[TimeControl "180+1"]
[Date "2023.08.01"]
[WhiteClock "0:00:00"]
[BlackClock "0:00:53"]
[Board "24"]

1. d4 g6 2. Nf3 Bg7 3. g3 d6 4. Bg2 Nf6 5. c4 O-O 6. Nc3 Nc6 7. O-O e5 8. e3 Rb8 9. b3 Bg4 10. h3 Bxf3 11. Bxf3 exd4 12. exd4 Nxd4 13. Qxd4 Nd7 14. Qxa7 Bxc3 15. Bh6 Bxa1 16. Bxf8 Kxf8 17. Bxb7 Bf6 18. Bd5 Ne5 19. f4 Nd3 0-1


[Site "https://www.chess.com"]

[Event "Titled Tuesday Blitz August 1 Early 2023"]
[White "Goltseva, Ekaterina"]
[Black "Aradhya, Garg"]
[WhiteFideId "24173770"]
[BlackFideId "25006746"]
[WhiteElo "2560"]
[BlackElo "2769"]
[Result "1/2-1/2"]
[Round "11"]
[TimeControl "180+1"]
[Date "2023.08.01"]
[WhiteClock "0:00:33"]
[BlackClock "0:02:14"]
[Board "25"]

1. Nf3 d5 2. d4 Nf6 3. c4 e6 4. Nc3 Ne4 5. e3 c6 6. Bd3 f5 7. O-O Bd6 8. Ne2 O-O 9. Ne5 Nd7 10. f4 Nxe5 11. fxe5 Bc7 12. Bxe4 fxe4 13. b3 Bd7 14. Ba3 Rxf1+ 15. Qxf1 Qg5 16. Qf4 Qxf4 17. Nxf4 a5 18. Rc1 a4 19. b4 Bd8 20. b5 g5 21. Nh5 cxb5 22. cxd5 Be8 1/2-1/2


[Site "https://www.chess.com"]